[Event "*** Titled Tuesday Blitz"]
[Site "Chess.com"]
[Date "2020.05.26"]
[Round "6"]
[White "MasterKroket"]
[Black "PavelChernomordik"]
[Result "0-1"]
[WhiteElo "2403"]
[BlackElo "2238"]
[TimeControl "180+1"]
[EndTime "11:06:48 PDT"]
[Termination "PavelChernomordik won by checkmate"]

1. d4 g6 2. c4 Bg7 3. Nf3 d6 4. Nc3 Nc6 5. e4 Bg4 6. Be3 Bxf3 7.
gxf3 e5 8. d5 Nd4 9. Be2 c5 10.
dxc6 bxc6 11. Qa4 Ne7 12. Nd5 O-O 13. Nxe7+ Qxe7 14. Bxd4 exd4 15. Qxc6 d3 16. Bxd3 Bxb2 17. Rb1 Bc3+ 18. Ke2 Qg5 19. Rhd1 Qf4 20. Rb7 Qxh2 21.
Bc2 Be5 22. Qd5 Rab8 23. Rdb1 Rxb7 24. Rxb7 Bg3 25. Qd4 h5 26. Bb3 Be5 27. Qxa7 Qf4 28. Qe3 Qf6 29. a4 h4 30. a5 h3 31. a6 h2 32. Qc1 Bf4 33. Qd1 Qb2+ 34. Kd3 Be5 35. a7 Qd4+ 36. Ke2 Qxd1+ 37. Bxd1 h1=Q 38. Rb8 Bc3 39. Rxf8+ Kxf8 40. a8=Q+ Kg7 41. Qa4 Qe1+ 42. Kd3 Qd2# 0-1

[Event "*** Titled Tuesday Blitz"]
[Site "Chess.com"]
[Date "2020.05.26"]
[Round "6"]
[White "1g41-0"]
[Black "DishonorOnYourCow"]
[Result "1-0"]
[WhiteElo "2548"]
[BlackElo "2311"]
[TimeControl "180+1"]
[EndTime "11:06:50 PDT"]
[Termination "1g41-0 won by checkmate"]

1. d4 Nf6 2. c4 g6 3. Nf3 Bg7 4. g3 d5 5. cxd5 Nxd5 6. Bg2 Nb6 7. O-O O-O 8. Nc3 Nc6 9. d5 Na5 10. e4 c6 11. dxc6 Nxc6 12. Qe2 Bg4 13. Rd1 Nd4 14.
Qe3 Nc4 15. Rxd4 Bxd4 16. Qxd4 Qxd4 17. Nxd4 Rfd8 18. Nc2 Rac8 19. Ne3 Be6 20. Nxc4 Bxc4 21. Be3 b6 22. Bf1 Bxf1 23. Kxf1 f6 24. Ke2 Kf7 25. f3 Ke6 26. a4 Rc4 27. Ra2 Rb8 28. h4 a6 29. Kd3 Rc7 30. Nd5 Rd7 31. b4 f5 32.
Ke2 fxe4 33. fxe4 b5 34. axb5 axb5 35. Ra6+ Kf7 36. Bc5 e6 37. Nf4 Rbd8 38. Nxe6 Rd2+ 39. Ke3 R8d3+ 40. Kf4 Re2 41. Ke5 Rc3 42. Ng5+ Ke8 43.
Ke6 Rc4 44. Ra8# 1-0

[Event "*** Titled Tuesday Blitz"]
[Site "Chess.com"]
[Date "2020.05.26"]
[Round "6"]
[White "Nikolaj_6"]
[Black "Leo_C"]
[Result "1/2-1/2"]
[WhiteElo "2502"]
[BlackElo "2275"]
[TimeControl "180+1"]
[EndTime "11:06:50 PDT"]
[Termination "Game drawn by agreement"]

1. e4 c6 2. d4 d5 3. e5 c5 4. dxc5 e6 5. a3 Bxc5 6. Qg4 Ne7 7. b4 Bb6 8. Bd3 Ng6 9. Nf3 Nd7 10. Bb2 Bc7 11. O-O O-O 12. Bxg6 hxg6 13. Nbd2 a5 14. c4 dxc4 15. Nxc4 axb4 16. axb4 Rxa1 17. Bxa1 Qe7 18.
Ng5 Rd8 19. Bc3 Nf8 20. Ne4 Bd7 21. Ncd6 Bc6 22. h4 Bxe4 23. Nxe4 Nd7 24. Qg3 Nb6 25. h5 gxh5 26. Nf6+ Qxf6 27. exf6 Bxg3 28. fxg3 Nd5 29. Bb2 gxf6 30. Bxf6 Nxf6 31. Rxf6 Rd4 32. Rh6 Rd5 33.
Rf6 Rd4 34. Rh6 Rxb4 35. Rxh5 Rb2 36. Kh2 Kg7 37. Rc5 b5 38. g4 b4 39. Rb5 Kg6 40.
Kg3 b3 41. Rb7 Rb1 42. Rb6 Kf6 43. Rb5 e5 44. g5+ Kxg5 45. Rxe5+ Kf6 46. Rb5 Ke6 47. Kg4 Kd6 48. Rb7 b2 49. Kg3 Ke5 50. Kh2 Ke4 51.
Rb8 Ke3 52. Rb7 Kd2 53. Rd7+ Ke1 54. Re7+ 1/2-1/2

[Event "*** Titled Tuesday Blitz"]
[Site "Chess.com"]
[Date "2020.05.26"]
[Round "6"]
[White "aNaartjieZA"]
[Black "Aleksandar-Topalov"]
[Result "0-1"]
[WhiteElo "2574"]
[BlackElo "2388"]
[TimeControl "180+1"]
[EndTime "11:06:51 PDT"]
[Termination "Aleksandar-Topalov won by resignation"]

1. e4 e6 2. d3 d5 3. Nd2 Nf6 4. Ngf3 c5 5. g3 Be7 6. Bg2 O-O 7. O-O Nc6 8. Re1 b5 9. e5 Nd7 10. Nf1 a5 11. h4 b4 12. N1h2 Ba6 13. Bf4 a4 14. a3 Bb5 15. Ng5 Qe8 16. Qg4 Nd4 17. Rec1 b3 18. c3 Nc2 19. Bf1 Nxa1 20. Rxa1 Ra6 21.
Qd1 f6 22. exf6 Bxf6 23. d4 Bxf1 24. Qxf1 Rb6 25. dxc5 Nxc5 26. Be3 Rc6 27. Qb5 Bxg5 28. Bxc5 Rxc5 29. Qxc5 Bf6 30. Re1 Qd7 31. Nf3 Rc8 32. Qe3 d4 33. Nxd4 Bxd4 34. cxd4 Rc2 35. Rb1 Qd5 36.
Qf4 h6 37. Qb8+ Kh7 38. Qb4 Qf3 39. Rf1 Rxb2 40. Qxa4 Re2 41. Qb4 b2 42. a4 Qd3 43.
a5 Rc2 44. Kg2 Rc1 0-1

[Event "*** Titled Tuesday Blitz"]
[Site "Chess.com"]
[Date "2020.05.26"]
[Round "6"]
[White "Kavyev_Ruslan"]
[Black "CyberdelChess"]
[Result "1-0"]
[WhiteElo "2488"]
[BlackElo "2285"]
[TimeControl "180+1"]
[EndTime "11:06:51 PDT"]
[Termination "Kavyev_Ruslan won by checkmate"]

1. e4 c5 2. Nf3 d6 3. d4 cxd4 4. Nxd4 Nf6 5. Nc3 a6 6. g3 e5 7. Nf3 h6 8. Nh4 Be6 9. Bg2 Nbd7 10. Nf5 d5 11. O-O d4 12. Ne2 g6 13. Nfxd4 exd4 14. Nxd4 Bg7 15. Nxe6 fxe6 16. e5 Nxe5 17. Qe2 Nc6 18.
Qxe6+ Qe7 19. Qb3 O-O-O 20. Bf4 g5 21. Bh3+ Nd7 22. Rfe1 Qf6 23. Be3 Qxb2 24. Qf7 Qf6 25. Qb3 Qxa1 26. Rxa1 Bxa1 27. Bb6 Rde8 28. Qd5 Re7 29. Qd6 Rhe8 30. Qc7# 1-0

[Event "*** Titled Tuesday Blitz"]
[Site "Chess.com"]
[Date "2020.05.26"]
[Round "6"]
[White "czasnaszachy"]
[Black "politeplayer"]
[Result "0-1"]
[WhiteElo "2334"]
[BlackElo "2182"]
[TimeControl "180+1"]
[EndTime "11:06:51 PDT"]
[Termination "politeplayer won by checkmate"]

1. d4 Nf6 2. c4 c5 3. d5 e6 4. Nc3 g6 5. e4 d6 6. f3 exd5 7. cxd5 a6 8. a4 Bg7 9. Bg5 O-O 10. Qd2 Nbd7 11. Nh3 Ne5 12. Nf2 c4 13. f4 Ned7 14.
Bxc4 Qc7 15. Bd3 Nc5 16. Bc2 Re8 17. O-O Rb8 18. a5 b5 19. axb6 Rxb6 20. Rfb1 Rb4 21. Na4 Rbxe4 22. Nxe4 Ncxe4 23. Qb4 Nxd5 24. Qb3 Qa7+ 25.
Kh1 Nf2+ 26. Kg1 Nh3+ 27. Kh1 Qg1+ 28. Rxg1 Nf2# 0-1

[Event "*** Titled Tuesday Blitz"]
[Site "Chess.com"]
[Date "2020.05.26"]
[Round "6"]
[White "Y0ung_Capablanca"]
[Black "Feegus"]
[Result "1-0"]
[WhiteElo "2674"]
[BlackElo "2463"]
[TimeControl "180+1"]
[EndTime "11:06:52 PDT"]
[Termination "Y0ung_Capablanca won on time"]

1. d4 Nf6 2. c4 c5 3. d5 b5 4. cxb5 a6 5. e3 e6 6. dxe6 fxe6 7. Nf3 d5 8. Be2 Bd6 9. O-O O-O 10. Nbd2 Nbd7 11. b3 Qa5 12. bxa6 Bxa6 13. Bxa6 Qxa6 14. Bb2 Qd3 15. Qb1 Qxb1 16. Rfxb1 Ra6 17. e4 dxe4 18. Ng5 Ng4 19. Ngxe4 Bxh2+ 20. Kh1 e5 21. g3 Rh6 22. Kg2 Nxf2 23. Nxf2 Bxg3 24. Kxg3 Rg6+ 25. Ng4 h5 26.
Rf1 Rxg4+ 27. Kh3 Rd8 28. Nf3 e4 29. Nh2 Rg6 30. Rg1 Nf8 31. Rad1 Rxg1 32. Rxd8 Re1 33. Be5 Kf7 34. Bg3 1-0

[Event "*** Titled Tuesday Blitz"]
[Site "Chess.com"]
[Date "2020.05.26"]
[Round "6"]
[White "diablanni"]
[Black "Jungle_Jaguar"]
[Result "0-1"]
[WhiteElo "2320"]
[BlackElo "2576"]
[TimeControl "180+1"]
[EndTime "11:06:52 PDT"]
[Termination "Jungle_Jaguar won by checkmate"]

1. e4 e5 2. Nf3 Nc6 3. d4 exd4 4. Nxd4 Nf6 5. Nxc6 bxc6 6. e5 Qe7 7. Qe2 Nd5 8. c4 Ba6 9. b3 g6 10. f4 Bg7 11.
Qf2 Nb6 12. Ba3 Qe6 13. Be2 d6 14. Nc3 dxe5 15. Rc1 O-O-O 16. f5 gxf5 17. O-O Bh6 18. Rcd1 Rxd1 19. Nxd1 f4 20. Qc5 Bb7 21. Nc3 f5 22.
Qa5 Kb8 23. Bb2 Rg8 24. Rd1 e4 25. c5 f3 26. Bf1 fxg2 27. Be2 Be3# 0-1

[Event "*** Titled Tuesday Blitz"]
[Site "Chess.com"]
[Date "2020.05.26"]
[Round "6"]
[White "manmanlai1"]
[Black "miroslavsavic"]
[Result "1-0"]
[WhiteElo "2366"]
[BlackElo "2065"]
[TimeControl "180+1"]
[EndTime "11:06:53 PDT"]
[Termination "manmanlai1 won on time"]

1. e4 c5 2. Nf3 d6 3. Bb5+ Nd7 4. d4 cxd4 5. Qxd4 Nf6 6. Bg5 a6 7. Bxf6 Qa5+ 8. Nc3 axb5 9. Bg5 b4 10. Nd5 b3+ 11.
Bd2 Qd8 12. cxb3 e6 13. Nc3 Be7 14. O-O O-O 15. a3 Qa5 16. b4 Qh5 17. Qd3 b6 18. Bf4 Ne5 19. Nxe5 dxe5 20. Be3 Rd8 21. Qc4 Ba6 22.
b5 Rac8 23. Qb3 Bb7 24. f3 Bc5 25. Na4 Bd4 26. Nxb6 Rc5 27. Na4 Rcc8 28. Kh1 Kh8 29. Rac1 f5 30. Bxd4 exd4 31. Nc5 1-0

[Event "*** Titled Tuesday Blitz"]
[Site "Chess.com"]
[Date "2020.05.26"]
[Round "6"]
[White "rasmussvane"]
[Black "lachesisQ"]
[Result "0-1"]
[WhiteElo "2855"]
[BlackElo "3158"]
[TimeControl "180+1"]
[EndTime "11:06:54 PDT"]
[Termination "lachesisQ won by resignation"]

1. Nf3 Nf6 2. g3 d5 3. Bg2 g6 4. O-O Bg7 5. d4 O-O 6. c4 c6 7. Qb3 Qb6 8. Nc3 Rd8 9. Bd2 dxc4 10. Qxc4 Be6 11. Qa4 Bf5 12. Qa3 Re8 13. Na4 Qa6 14.
Rfe1 Ne4 15. Bb4 Nd7 16. Rad1 Nb6 17. Nxb6 axb6 18. Qxa6 Rxa6 19. Nh4 c5 20. Nxf5 gxf5 21. Bxe4 fxe4 22. dxc5 bxc5 23. Bxc5 Rxa2 24. b4 Bc3 25.
Rf1 Rxe2 26. Rd7 b6 27. Bxe7 h6 28. b5 Rb2 29. Rc1 Bg7 30. Rcc7 Rxb5 31. Bd6 Rf5 32. Bf4 Re6 33. Be3 Bf8 34. Kg2 Bc5 35. Bxc5 bxc5 36. Rc8+ Kg7 37. Rdc7 Ref6 38. f4 exf3+ 39. Kf1 Rd5 40.
Rxc5 Rd1+ 41. Kf2 Rd2+ 42. Ke1 f2+ 0-1

[Event "*** Titled Tuesday Blitz"]
[Site "Chess.com"]
[Date "2020.05.26"]
[Round "6"]
[White "Makswolf200817"]
[Black "HrvojeZagreb"]
[Result "1-0"]
[WhiteElo "2389"]
[BlackElo "2168"]
[TimeControl "180+1"]
[EndTime "11:06:54 PDT"]
[Termination "Makswolf200817 won on time"]

1. Nf3 f5 2. d4 Nf6 3. g3 e6 4. Bg2 Be7 5. O-O O-O 6. c4 d6 7.
Nc3 Ne4 8. Qc2 Nxc3 9. Qxc3 Bf6 10. Qc2 Nc6 11. Rd1 Qe8 12. e4 e5 13. dxe5 dxe5 14. Be3 Qh5 15. Bc5 Rf7 16. Nd2 f4 17. b4 Bh3 18.
Bh1 b6 19. b5 Nd4 20. Bxd4 exd4 21. e5 d3 22. Qxd3 Rd8 23. Bd5 Qxe5 24. Re1 Qd6 25. Ne4 Qa3 26. Nxf6+ gxf6 27. Bxf7+ Kxf7 28. Qxd8 fxg3 29. Re7+ Kg6 30. Qg8+ Kf5 31. hxg3 Qf3 32. Qd5+ 1-0

[Event "*** Titled Tuesday Blitz"]
[Site "Chess.com"]
[Date "2020.05.26"]
[Round "6"]
[White "Indianlad"]
[Black "AnthonyWirig"]
[Result "1-0"]
[WhiteElo "2979"]
[BlackElo "2692"]
[TimeControl "180+1"]
[EndTime "11:06:55 PDT"]
[Termination "Indianlad won on time"]

1. d4 Nf6 2. c4 e6 3. Nf3 Bb4+ 4. Bd2 Bxd2+ 5. Qxd2 d5 6. Nc3 O-O 7. Qf4 Qe7 8.
O-O-O c6 9. e4 dxc4 10. Bxc4 b5 11. Bd3 b4 12. Na4 h6 13. g4 Nfd7 14. g5 hxg5 15.
Nxg5 f6 16. Nf3 Nb6 17. Nc5 N8d7 18. Rhg1 Nxc5 19. dxc5 Qxc5+ 20. Kb1 e5 21. Qh6 Qe7 22. Nh4 g5 23. Ng6 Qg7 24. Qxg7+ Kxg7 25. Nxf8 Kxf8 26.
Be2 Be6 27. Rd6 Ke7 28. Rxc6 Rh8 29. Rd1 Rxh2 30. Rc7+ Ke8 31. Bb5+ 1-0

[Event "*** Titled Tuesday Blitz"]
[Site "Chess.com"]
[Date "2020.05.26"]
[Round "6"]
[White "RaunakSadhwani2005"]
[Black "GmSergioBarrientos"]
[Result "1-0"]
[WhiteElo "2835"]
[BlackElo "2618"]
[TimeControl "180+1"]
[EndTime "11:06:55 PDT"]
[Termination "RaunakSadhwani2005 won by resignation"]

1. e4 c5 2. Nc3 d6 3. d4 cxd4 4.
Qxd4 Nc6 5. Qd2 Nf6 6. b3 e6 7.
Bb2 Be7 8. O-O-O O-O 9. f4 a6 10. Nf3 b5 11. Bd3 Bb7 12. g4 Nb4 13. g5 Nd7 14.
Kb1 Rc8 15. h4 d5 16. exd5 Nxd5 17. Nxd5 Bxd5 18. Qe2 Qc7 19. h5 f5 20. Bxf5 Rxf5 21.
Rxd5 exd5 22. Qe6+ Rf7 23. g6 Qxc2+ 24. Ka1 Rf8 25.
gxf7+ Rxf7 26. Rc1 Qf5 27. Qxa6 Bf6 28. Ne5 Qxf4 29.
Qc8+ Rf8 30. Qxd7 Bxe5 31. Qe6+ Kh8 32. Qxe5 Qxe5 33. Bxe5 h6 34. Rc7 1-0

[Event "*** Titled Tuesday Blitz"]
[Site "Chess.com"]
[Date "2020.05.26"]
[Round "6"]
[White "BogdanBelyakov89"]
[Black "Nafania1"]
[Result "1-0"]
[WhiteElo "2634"]
[BlackElo "2454"]
[TimeControl "180+1"]
[EndTime "11:06:55 PDT"]
[Termination "BogdanBelyakov89 won by resignation"]

1. e4 e6 2. d4 d5 3. Nc3 h6 4. Nf3 Nf6 5. e5 Ne4 6. Ne2 c5 7. c3 cxd4 8. Nexd4 Nc6 9. Bd3 Be7 10. O-O O-O 11.
Re1 Nc5 12. Bc2 a5 13. Be3 f5 14. exf6 Rxf6 15. Nxc6 bxc6 16. Bd4 Rf4 17. g3 Rf8 18. Ne5 Bd7 19. Qg4 Rf6 20. Bxc5 Bxc5 21. Nxd7 Qxd7 22. Re2 Raf8 23. Rf1 Qa7 24. Kg2 Rxf2+ 25. Rfxf2 Rxf2+ 26. Rxf2 Bxf2 27. Qxe6+ Kf8 28. Bg6 Qe7 29. Qxe7+ Kxe7 30. Kxf2 1-0

[Event "*** Titled Tuesday Blitz"]
[Site "Chess.com"]
[Date "2020.05.26"]
[Round "6"]
[White "antoszu"]
[Black "Maxim_e2e4"]
[Result "1-0"]
[WhiteElo "2507"]
[BlackElo "2328"]
[TimeControl "180+1"]
[EndTime "11:06:55 PDT"]
[Termination "antoszu won by resignation"]

1. e4 e5 2. Nf3 Nc6 3. Bc4 Bc5 4. d3 Nf6 5. O-O O-O 6. Bg5 h6 7. Bh4 Be7 8. a4 d6 9. c3 Nh5 10. Bxe7 Qxe7 11. Bb3 Bg4 12. Nbd2 Qf6 13. Bd5 Ne7 14.
Ba2 Nf4 15. Bb1 Neg6 16. g3 Nh3+ 17. Kh1 Ng5 18. Kg2 h5 19. Re1 h4 20. Re3 h3+ 21.
Kg1 Qe7 22. Qb3 Kh7 23. Bc2 f5 24. Nxg5+ Qxg5 25. exf5 Rxf5 26. Ne4 Qe7 27. Bd1 Bxd1 28. Qxd1 Raf8 29. Qg4 d5 30. Qxh3+ Kg8 31. Nd2 Rf3 32.
Nxf3 1-0

[Event "*** Titled Tuesday Blitz"]
[Site "Chess.com"]
[Date "2020.05.26"]
[Round "6"]
[White "zmeeed67"]
[Black "ManuDavid2910"]
[Result "1-0"]
[WhiteElo "2463"]
[BlackElo "2685"]
[TimeControl "180+1"]
[EndTime "11:06:56 PDT"]
[Termination "zmeeed67 won by checkmate"]

1. d4 Nf6 2. c4 e6 3. Nc3 d5 4. cxd5 exd5 5. Bg5 c5 6. e3 cxd4 7. exd4 Nc6 8. Nge2 Bb4 9. f3 Be6 10. a3 Ba5 11. Ng3 Bb6 12. Bb5 h6 13. Be3 O-O 14. O-O Rc8 15. Bf2 Na5 16. Bd3 Nc4 17. Qc2 Qd7 18. Rae1 Ba5 19. Nge2 a6 20. Bh4 Ne8 21. Nf4 Nxb2 22. Nxe6 fxe6 23. Qxb2 Bxc3 24.
Qe2 Bxe1 25. Rxe1 Nf6 26. Bb1 Rc3 27. Qd2 Qc6 28. Bg3 Rxa3 29. Be5 Qc3 30. Qf2 Nd7 31. Qg3 Nxe5 32. dxe5 Qd4+ 33. Kh1 Qf4 34. Qg6 Rd8 35.
Qh7+ Kf8 36. Bg6 Rd7 37. Qh8+ Ke7 38. Qe8# 1-0

[Event "*** Titled Tuesday Blitz"]
[Site "Chess.com"]
[Date "2020.05.26"]
[Round "6"]
[White "SiddharthGMJagadeesh"]
[Black "Shivagami"]
[Result "1-0"]
[WhiteElo "2415"]
[BlackElo "2219"]
[TimeControl "180+1"]
[EndTime "11:06:56 PDT"]
[Termination "SiddharthGMJagadeesh won on time"]

1. e4 c5 2. Nc3 e6 3. g3 d5 4. exd5 exd5 5. d3 Nf6 6. Bg2 Be7 7. Nge2 O-O 8. O-O Nc6 9. Bg5 d4 10. Bxf6 Bxf6 11. Ne4 Be7 12. Nf4 f5 13. Nd2 Ne5 14.
Re1 Qd6 15. Nd5 Bd8 16. f4 Nc6 17. Nc4 Qg6 18. Ne5 Nxe5 19. Rxe5 h5 20. Ne7+ Bxe7 21. Rxe7 h4 22. Bd5+ Kh8 23. Qf3 Rb8 24. Kf2 b5 25. Rae1 c4 26. gxh4 cxd3 27. cxd3 Qh6 28. Qg3 Ba6 29.
R1e6 Rf6 30. Re8+ Rxe8 31. Rxe8+ 1-0

[Event "*** Titled Tuesday Blitz"]
[Site "Chess.com"]
[Date "2020.05.26"]
[Round "6"]
[White "731291"]
[Black "Klavdia_Nik"]
[Result "1-0"]
[WhiteElo "2639"]
[BlackElo "2052"]
[TimeControl "180+1"]
[EndTime "11:06:56 PDT"]
[Termination "731291 won on time"]

1. e4 e5 2. Nf3 Nc6 3. Bb5 a6 4.
Ba4 Nf6 5. O-O Be7 6. d3 b5 7. Bb3 d6 8. a3 O-O 9. Nc3 Bg4 10.
Be3 Na5 11. Ba2 c5 12. h3 Bc8 13. Nd5 Nxd5 14. Bxd5 Bb7 15. b4 Bxd5 16. exd5 Nb7 17.
c4 Rc8 18. Nd2 f5 19. f3 Bf6 20. Rb1 cxb4 21. axb4 Bg5 22. Qe2 Bxe3+ 23. Qxe3 Rf7 24. Ra1 Ra8 25. Ra2 a5 26. Rfa1 Qc7 27. cxb5 Qc3 28. bxa5 Rxa5 29. Nc4 Rxa2 30. Rxa2 Rd7 31. Ra8+ Kf7 32.
Qg5 1-0

[Event "*** Titled Tuesday Blitz"]
[Site "Chess.com"]
[Date "2020.05.26"]
[Round "6"]
[White "lupta_robin"]
[Black "OparinGrigoriy"]
[Result "0-1"]
[WhiteElo "2620"]
[BlackElo "2892"]
[TimeControl "180+1"]
[EndTime "11:06:57 PDT"]
[Termination "OparinGrigoriy won on time"]

1. e4 c6 2. d4 d5 3. Nc3 dxe4 4.
Nxe4 Nf6 5. Nxf6+ exf6 6. c3 Bd6 7. Qc2 O-O 8. Bd3 Re8+ 9. Ne2 h5 10. Be3 Nd7 11.
O-O-O Nf8 12. Kb1 Be6 13. Nf4 Bxf4 14. Bxf4 Qd5 15. c4 Qxg2 16. Rhg1 Qf3 17. Bh6 Bg4 18.
Be3 f5 19. Rde1 f4 20. Be2 Qh3 21. Bxg4 hxg4 22. Bxf4 Ne6 23. Be5 f6 24. d5 fxe5 25. dxe6 Rxe6 26. Qf5 Rf6 27. Qxe5 Rxf2 28. Qe6+ Kh8 29.
Rxg4 Qxh2 30. Qe5 Qxe5 31. Rxe5 Rd8 32. a3 Rd7 0-1

[Event "*** Titled Tuesday Blitz"]
[Site "Chess.com"]
[Date "2020.05.26"]
[Round "6"]
[White "MilanJeremic"]
[Black "WiktoriaPOL"]
[Result "1-0"]
[WhiteElo "2239"]
[BlackElo "2003"]
[TimeControl "180+1"]
[EndTime "11:06:57 PDT"]
[Termination "MilanJeremic won by checkmate"]

1. d4 Nf6 2. Nf3 g6 3. g3 Bg7 4. Bg2 O-O 5. O-O d6 6. c4 c5 7.
e3 cxd4 8. exd4 d5 9. c5 Nc6 10. Nc3 Ne4 11. Re1 Nxc3 12. bxc3 Re8 13. Bg5 Bg4 14.
h3 Bxf3 15. Qxf3 h6 16. Bf4 e6 17. h4 b6 18. cxb6 Qxb6 19. Re2 Rac8 20. Rae1 Na5 21.
Be5 Nc4 22. Bxg7 Kxg7 23. h5 g5 24. Qg4 Qa5 25. f4 f5 26. Qh3 g4 27. Qh4 Kf7 28.
Kh2 Nd6 29. Re5 Qxc3 30. Bxd5 exd5 31. Re7+ Rxe7 32. Qxe7+ Kg8 33. Qe6+ Kg7 34. Qg6+ Kf8 35. Qxd6+ Kg8 36. Qxd5+ Kf8 37. Qxf5+ Kg7 38. Qxg4+ Kf8 39. Qf5+ Kg7 40. Re7+ Kg8 41. Qh7+ Kf8 42. Qf7# 1-0

[Event "*** Titled Tuesday Blitz"]
[Site "Chess.com"]
[Date "2020.05.26"]
[Round "6"]
[White "Gloomy_Wanderer"]
[Black "m_ezat"]
[Result "1-0"]
[WhiteElo "2749"]
[BlackElo "2489"]
[TimeControl "180+1"]
[EndTime "11:06:58 PDT"]
[Termination "Gloomy_Wanderer won by resignation"]

1. Nf3 Nf6 2. c4 g6 3. Nc3 Bg7 4. d4 O-O 5. e4 d6 6. h3 e5 7. d5 a5 8. Bg5 Na6 9. g4 Qe8 10. Nd2 Nd7 11. h4 f5 12. gxf5 gxf5 13. Rg1 Kh8 14. a3 Ndc5 15. h5 Bd7 16. Be2 Bf6 17. Bxf6+ Rxf6 18. Qc2 Qe7 19. O-O-O fxe4 20. Rg2 Bh3 21.
Rg3 Bf5 22. Ndxe4 Nxe4 23. Nxe4 Nc5 24. Bd3 Bxe4 25. Bxe4 Rg8 26. Rdg1 Rxg3 27. fxg3 Rf8 28. g4 Qg5+ 29. Kb1 Rf7 30. Bf5 Qe3 31. Rd1 e4 32. b4 axb4 33. axb4 Nd3 34. Qc3+ Ne5 35. Qxe3 1-0

[Event "*** Titled Tuesday Blitz"]
[Site "Chess.com"]
[Date "2020.05.26"]
[Round "6"]
[White "pastouche06"]
[Black "ameetghasi100"]
[Result "0-1"]
[WhiteElo "2470"]
[BlackElo "2711"]
[TimeControl "180+1"]
[EndTime "11:06:59 PDT"]
[Termination "ameetghasi100 won by resignation"]

1. d4 Nf6 2. c4 g6 3. f3 Bg7 4. e4 O-O 5. Nc3 a6 6. Be3 d6 7. Qd2 e5 8. d5 Nh5 9. Bd3 Nf4 10. g3 Nxd3+ 11. Qxd3 f5 12. Nge2 Nd7 13. exf5 gxf5 14. Qd2 Nf6 15. Bh6 Qe8 16. Bxg7 Kxg7 17. f4 b5 18.
fxe5 dxe5 19. c5 b4 20. Nd1 a5 21. O-O Qh5 22. Ne3 Ne4 23. Qc2 Ba6 24. Rae1 Kh8 25. Nxf5 Ng5 26. Kh1 Nf3 27. Ng1 Bxf1 28.
Rxf1 Rxf5 0-1

[Event "*** Titled Tuesday Blitz"]
[Site "Chess.com"]
[Date "2020.05.26"]
[Round "6"]
[White "Gentle_Emperor"]
[Black "Arek_pacitan"]
[Result "1-0"]
[WhiteElo "2324"]
[BlackElo "2530"]
[TimeControl "180+1"]
[EndTime "11:06:59 PDT"]
[Termination "Gentle_Emperor won by resignation"]

1. d4 Nf6 2. Nf3 g6 3. c4 Bg7 4.
Nc3 O-O 5. e4 d6 6. Be2 Nbd7 7.
h3 e5 8. d5 a5 9. Be3 b6 10.
g4 Nc5 11. Nd2 Kh8 12. h4 Ne8 13. g5 f5 14. f3 fxe4 15. fxe4 Kg8 16. Qc2 a4 17.
O-O-O Bd7 18. h5 Qe7 19. Rdf1 Rxf1+ 20. Rxf1 c6 21. Qd1 Nc7 22. Qe1 Rf8 23. Rh1 cxd5 24. cxd5 b5 25. Qh4 b4 26. hxg6 hxg6 27. Qh7+ Kf7 28.
Rf1+ Ke8 29. Qxg6+ Kd8 30. Rxf8+ Qxf8 31. Nd1 b3 32. axb3 axb3 33. Bxc5 dxc5 34. Nxb3 Be8 35. Qb6 Qf4+ 36. Nd2 Qxg5 37. d6 Qe7 38. dxe7+ 1-0

[Event "*** Titled Tuesday Blitz"]
[Site "Chess.com"]
[Date "2020.05.26"]
[Round "6"]
[White "Ashedu66"]
[Black "MartinMatthiesen"]
[Result "0-1"]
[WhiteElo "2166"]
[BlackElo "2375"]
[TimeControl "180+1"]
[EndTime "11:06:59 PDT"]
[Termination "MartinMatthiesen won by checkmate"]

1. d4 f5 2. Bg5 Nf6 3. Bxf6 exf6 4. c4 Bb4+ 5. Nc3 O-O 6. e3 Bxc3+ 7. bxc3 c5 8. Bd3 d6 9. Qf3 g6 10. Ne2 Nc6 11. O-O Qe7 12. Nf4 Kh8 13. Rfe1 Qf7 14. Rab1 Rb8 15. e4 cxd4 16. exf5 Ne5 17. Qg3 gxf5 18.
cxd4 Rg8 19. Qh3 Ng6 20. Nd5 f4 21. f3 Bxh3 22. gxh3 Ne5+ 23. Kh1 Nxd3 24. Re7 Nf2# 0-1

[Event "*** Titled Tuesday Blitz"]
[Site "Chess.com"]
[Date "2020.05.26"]
[Round "6"]
[White "avantage_ru"]
[Black "Onwgs"]
[Result "1-0"]
[WhiteElo "2716"]
[BlackElo "2475"]
[TimeControl "180+1"]
[EndTime "11:07:00 PDT"]
[Termination "avantage_ru won by resignation"]

1. b3 Nf6 2. Bb2 d5 3. g3 g6 4.
Bg2 Bg7 5. c4 c6 6. Nf3 O-O 7.
O-O Nbd7 8. Qc2 Re8 9. Rc1 e5 10. cxd5 Nxd5 11. d3 Qe7 12. Nbd2 N7b6 13. a3 Bg4 14.
Nc4 Nxc4 15. bxc4 Nc7 16. h3 Bf5 17. Rab1 Rad8 18. Nd2 Na6 19. Bc3 Qxa3 20. Rxb7 Nc5 21. Rc7 e4 22. Bxg7 Kxg7 23. dxe4 Be6 24. Rxc6 Kg8 25. Nf1 Bd7 26. Rf6 Ba4 27. Qc3 Nb3 28.
Re1 Qc5 29. Ne3 Nd2 30. Ra6 Bc6 31. Ng4 Rd6 32. e5 Rde6 33. Bxc6 1-0

[Event "*** Titled Tuesday Blitz"]
[Site "Chess.com"]
[Date "2020.05.26"]
[Round "6"]
[White "MaxVavulin"]
[Black "kleopl"]
[Result "1-0"]
[WhiteElo "2619"]
[BlackElo "2427"]
[TimeControl "180+1"]
[EndTime "11:07:00 PDT"]
[Termination "MaxVavulin won by resignation"]

1. e4 d5 2. exd5 Qxd5 3. Nc3 Qd6 4. d4 Nf6 5. Nf3 c6 6. g3 Bf5 7. Bg2 e6 8. O-O Be7 9. Ne5 O-O 10. a3 Nd5 11.
Ne4 Bxe4 12. Bxe4 Nd7 13. Nd3 N7f6 14. Bg2 Rfd8 15. c3 Rac8 16. Qe2 Qc7 17. Bd2 b6 18.
Rad1 Qd7 19. Ne5 Qe8 20. c4 Nc7 21. Nxc6 Rd6 22. Nxe7+ Qxe7 23. Bb4 Qd7 24. Bxd6 Qxd6 25. Qe5 Qd7 26. Rfe1 Na6 27. d5 exd5 28. cxd5 h6 29. d6 Nc5 30. Qe7 Qf5 31. Qxa7 Ng4 32. Re2 Nd7 33.
Qb7 Rc2 34. Qa8+ Nf8 35. Qf3 1-0

[Event "*** Titled Tuesday Blitz"]
[Site "Chess.com"]
[Date "2020.05.26"]
[Round "6"]
[White "Agnes66678"]
[Black "CrazyMartian"]
[Result "1-0"]
[WhiteElo "2477"]
[BlackElo "2304"]
[TimeControl "180+1"]
[EndTime "11:07:00 PDT"]
[Termination "Agnes66678 won by resignation"]

1. d4 d5 2. c4 e6 3. Nf3 Nf6 4. g3 Bb4+ 5. Bd2 Bd6 6. Bg5 c6 7. Nc3 h6 8. Bf4 Bxf4 9. gxf4 Nbd7 10. e3 a6 11. Rg1 g6 12. Ne5 Nxe5 13. fxe5 Nd7 14.
c5 b6 15. b4 a5 16. a3 axb4 17. axb4 Rxa1 18. Qxa1 bxc5 19. bxc5 Bb7 20. Bd3 O-O 21. Qb1 Qa8 22. Bxg6 Kh8 23. Bc2 Rg8 24. Rg3 Qa5 25. Kd2 Ba6 26. Qg1 Rxg3 27. Qxg3 Qd8 28. h4 Qg8 29.
Qf4 Qg7 30. Ne2 Bxe2 31. Kxe2 Nf8 32. h5 Nh7 33. Ba4 Qg1 34. Bxc6 Ng5 35. Qf6+ Kh7 36. Qd8 Qc1 37. Qa5 Qc2+ 38. Qd2 Qa4 39. Bxa4 1-0

[Event "*** Titled Tuesday Blitz"]
[Site "Chess.com"]
[Date "2020.05.26"]
[Round "6"]
[White "Majesth"]
[Black "levallem"]
[Result "1-0"]
[WhiteElo "2446"]
[BlackElo "2171"]
[TimeControl "180+1"]
[EndTime "11:07:02 PDT"]
[Termination "Majesth won on time"]

1. d4 Nf6 2. Nc3 d5 3. Bf4 Bf5 4. Nb5 Na6 5. e3 e6 6. Nf3 c6 7. Nc3 Bd6 8. Ne5 O-O 9. Bxa6 bxa6 10. Nxc6 Qc7 11. Bxd6 Qxd6 12. Ne5 Rab8 13. Rb1 Rb7 14.
O-O Rfb8 15. Na4 Nd7 16. Nxd7 Rxd7 17. Nc5 Rc7 18. b4 h6 19. Rb3 Rc6 20. Qe2 Rbb6 21. c4 dxc4 22. Qxc4 e5 23. d5 Rxb4 24. Qxb4 Rxc5 25.
e4 Bd7 26. Qb8+ Qxb8 27. Rxb8+ Kh7 28. Rb7 Bb5 29. Rd1 Be2 30. Re1 Bb5 31. Rxf7 Rc2 32. a3 1-0